 Dungeon Crawl Stone Soup version 0.14.0-26-g1682e81 (webtiles) character file.

187 MrTAteMyBalls the Shield-Bearer (level 4, 0/29 HPs)
             Began as a Gargoyle Fighter on Apr 26, 2014.
             Killed by divine providence
             ... invoked by an orc priest
              (12 damage)
             ... on Level 3 of the Dungeon.
             The game lasted 00:04:22 (1549 turns).

MrTAteMyBalls the Shield-Bearer (Gargoyle Fighter)  Turns: 1549, Time: 00:04:22

HP   0/29        AC 10     Str 20      XL: 4   Next: 75%
MP   4/4         EV  6     Int  8      God:
Gold 86          SH 20     Dex 10      Spells:  0 memorised,  3 levels left

rFire  . . .     SeeInvis .     a - +0 flail
rCold  . . .     Clarity  .     b - +0 scale mail
rNeg   + . .     Conserve .     c - +1 shield
rPois  +         rCorr    .     (no helmet)
rElec  +         rRot     +     (no cloak)
SustAb . .       Spirit   .     (no gloves)
rMut   .         Warding  .     (no boots)
Saprov . . .     Stasis   .     (no amulet)
MR     .....                    (no ring)
                                (no ring)

@: not resistant to hostile enchantments, extremely unstealthy
A: life protection 1, electricity resistance, unbreathing, petrification
resistance, AC +3
a: no special abilities


You were on level 3 of the Dungeon.
You were not hungry.

You visited 1 branch of the dungeon, and saw 3 of its levels.

You collected 86 gold pieces.

Inventory:

Hand weapons
 a - a +0,+0 flail (weapon)
 n - a +1,+3 flail of protection
Armour
 b - a +0 scale mail (worn)
 c - a +1 shield (worn)
Magical devices
 j - a wand of hasting (3) {unknown}
Comestibles
 d - a bread ration
Scrolls
 g - 2 scrolls of magic mapping
 i - 2 scrolls of identify
 k - 3 scrolls of remove curse
Potions
 e - a potion of might
 f - a potion of confusion
 h - 4 potions of restore abilities
 l - a potion of paralysis {unknown}
 m - a potion of curing


   Skills:
 + Level 4.0 Fighting
 * Level 3.4 Maces & Flails
 + Level 3.8 Armour
 + Level 4.1 Shields


You had 3 spell levels left.
You didn't know any spells.

Dungeon Overview and Level Annotations

Branches:
Dungeon (3/15)

Altars:
Trog


Innate Abilities, Weirdness & Mutations

You are resistant to torment.
You are immune to poison.
You are immune to rotting.
Your stone body is very resilient (AC +3).
You resist negative energy.
You are resistant to electric shocks.
You can survive without breathing.
You are immune to petrification.


Message History

You closely miss the orc priest.
The orc priest is lightly wounded.
The bat hits you but does no damage. The bat hits you.
The orc priest hits you but does no damage.
You block the orc priest's attack.
You completely miss the orc priest.
The orc priest is lightly wounded.
The bat hits you but does no damage. You block the orc priest's attack.
You hit the orc priest.
The orc priest is lightly wounded.
You block the orc priest's attack. You block the bat's attack.
You completely miss the orc priest.
The orc priest is lightly wounded.
The bat hits you but does no damage. You block the orc priest's attack.
You closely miss the orc priest.
The orc priest is lightly wounded.
The bat hits you but does no damage.
The orc priest invokes the aid of Beogh against you.
Something smites you!
You die...

#.####.####.....###
...................#
..........###...##.
...........# ##.#
##...#....# .#
#####.#### .#
#...### .#
#.....#####b#
#.....)().@o#
###...#####.# #####
... .#... .#...# .#
.># .# # .# .


You could see an orc priest and a bat.

Vanquished Creatures
  Jessica (D:3)
  2 adders
  A giant mite (D:2)
  A worm (D:2)
  4 oozes
  4 orcs (D:3)
  A ball python (D:1)
  2 giant cockroaches
  5 goblins (D:1)
  4 hobgoblins
  A quokka (D:3)
  3 bats
  A giant gecko (D:3)
  4 giant newts
  2 jackals (D:3)
  8 kobolds
  6 rats
50 creatures vanquished.

Notes
Turn   | Place    | Note
--------------------------------------------------------------
     0 | D:1      | MrTAteMyBalls, the Gargoyle Fighter, began the quest for the Orb.
     0 | D:1      | Reached XP level 1. HP: 14/14 MP: 1/1
   334 | D:1      | Reached XP level 2. HP: 19/19 MP: 2/2
   865 | D:1      | Reached XP level 3. HP: 20/23 MP: 3/3
  1077 | D:2      | Reached XP level 4. HP: 19/29 MP: 4/4
  1078 | D:2      | Reached skill level 4 in Shields
  1309 | D:3      | Found a bloodstained altar of Trog.
  1452 | D:3      | Noticed Jessica
  1471 | D:3      | Killed Jessica
  1549 | D:3      | Killed from afar by an orc priest

Action                   |  1- 3 |  4- 6 || total
-------------------------+-------+-------++-------
Melee: Flail             |   156 |    83 ||   239
  Use: Scroll            |     7 |       ||     7
       Potion            |     3 |     1 ||     4
